 Dungeon Crawl Stone Soup version 0.18-a0-1088-g34ef3a2 (webtiles) character file.

1670 ater218 the Skirmisher (level 8, 0/62 (64) HPs)
             Began as a Demonspawn Berserker on Jan 15, 2016.
             Was a Priest of Trog.
             Succumbed to an orc wizard's poison
             ... on level 7 of the Dungeon.
             The game lasted 00:21:51 (6452 turns).

ater218 the Skirmisher (Demonspawn Berserker)       Turns: 6452, Time: 00:21:51

HP:   0/62 (64)     AC: 12    Str: 19    XL:     8   Next: 70%
MP:   8/8           EV: 10    Int:  9    God:    Trog [***...]
Gold: 244           SH:  0    Dex: 13    Spells: 0 memorised, 7 levels left

rFire  . . .     SeeInvis .     n - +0 halberd
rCold  + . .     Gourm    .     d - -1 chain mail
rNeg   . . .     Faith    .     (shield currently unavailable)
rPois  .         Spirit   .     (helmet restricted)
rElec  .         Dismiss  .     (no cloak)
rCorr  .         Reflect  .     (no gloves)
SustAt .         Harm     .     (no boots)
MR     .....                    (no amulet)
Stlth  ..........               (no ring)
                                (no ring)

@: lethally poisoned (0 -> -46), about to teleport, not resistant to hostile
enchantments, extremely unstealthy
A: horns 2, iridescent scales 1, cold resistance 1, demonic guardian 1, freezing
cloud immunity
a: Berserk, Trog's Hand, Burn Spellbooks, Renounce Religion


You were on level 7 of the Dungeon.
You worshipped Trog.
Trog was most pleased with you.
You were very hungry.

You visited 1 branch of the dungeon, and saw 7 of its levels.

You collected 244 gold pieces.

Inventory:

Hand Weapons
 n - a +0 halberd (weapon)
Armour
 d - a -1 chain mail (worn)
Jewellery
 u - an uncursed amulet of dismissal {unknown}
Wands
 b - a wand of paralysis (14/24)
 c - a wand of enslavement (9/24)
 o - a wand of paralysis (24/24)
Scrolls
 f - a scroll of remove curse
 g - 2 scrolls of enchant weapon
 i - a scroll of fear
 k - a scroll of magic mapping
 l - 6 scrolls of identify
 p - 2 scrolls of teleportation
 r - 2 scrolls of blinking {unknown}
 t - a scroll of amnesia {unknown}
 v - a scroll of vulnerability {unknown}
 x - 2 scrolls of brand weapon {unknown}
 y - a scroll of enchant armour {unknown}
 z - a scroll of torment {unknown}
Potions
 a - 2 potions of might {unknown}
 e - a potion of mutation {unknown}
 h - 4 potions of flight
 j - 2 potions of curing
 s - a potion of magic {unknown}
Books
 w - a book of Battle

   Spells                             Type                      Level
   a - Infusion                       Charms                       1
   b - Shroud of Golubria             Charms/Translocation         2
   c - Song of Slaying                Charms                       2
   d - Spectral Weapon                Hexes/Charms                 3
   e - Regeneration                   Charms/Necromancy            3
   Trog disapproves of the use of such an item.
Comestibles
 m - a bread ration
 q - a beef jerky


   Skills:
 + Level 6.0 Fighting
 + Level 5.1 Polearms
 + Level 5.3 Armour
 + Level 6.0 Dodging
 - Level 0.2 Stealth


You had 7 spell levels left.
You didn't know any spells.

Dungeon Overview and Level Annotations

Branches:
Dungeon (7/15)             Temple (0/1) D:4

Altars:
Ashenzari
Ru


Innate Abilities, Weirdness & Mutations

You have a pair of horns on your head.
You are partially covered in iridescent scales (AC +4).
Your flesh is cold resistant.
A weak demonic guardian rushes to your aid.
You are immune to freezing clouds.


Message History

Your quasit claws the worker ant zombie.
Your quasit claws the worker ant zombie but does no damage.
The worker ant zombie bites your quasit but does no damage.
The orc wizard hits you but does no damage.
You are more poisoned.
Your quasit bites the worker ant zombie.
Your quasit claws the worker ant zombie but does no damage.
Your quasit closely misses the worker ant zombie.
The orc wizard hits you but does no damage.
You are more poisoned.
The worker ant zombie misses your quasit.
* * * LOW HITPOINT WARNING * * *
You feel very sick.
Your quasit bites the worker ant zombie.
Your quasit barely misses the worker ant zombie.
Your quasit claws the worker ant zombie but does no damage.
The worker ant zombie bites your quasit but does no damage.
As you read the scroll of teleportation, it crumbles to dust.
You feel strangely unstable.
You die...

.........#.# #####.##.#.#
#.## #.##.#.# ...#
#......## ...#
#####......)# ...#
...##.##.##.# ...#
...##.#.....######...##.#
...##.#.###.#............
...##....##.....@o.)...#
...##...###.#....Z)......
..(##<#.....####5#)..#..#
...##.#.##### #.#...# .
#.###.#.# #.#...#
#.......# #.#...#
......### #...... #######
####.###


You could see an orc wizard, a worker ant zombie and a friendly quasit.

Vanquished Creatures
  The ghost of Jano the Shield-Bearer, an amateur FoFi (D:3)
  An orc warrior (D:7)
  2 ice beasts
  A sky beast (D:5)
  A necrophage (D:5)
  A giant frog (D:6)
  A scorpion (D:6)
  A centaur zombie (D:5)
  4 hounds
  2 orc priests (D:5)
  4 orc wizards
  A centaur skeleton (D:6)
  2 giant frog skeletons
  An iguana (D:6)
  Ijyb (D:3)
  4 worker ants
  4 gnolls (D:2)
  4 adders
  An adder skeleton (D:4)
  An adder zombie (D:7)
  3 worms
  14 orcs
  A ball python (D:1)
  4 giant cockroaches
  9 goblins
  5 hobgoblins
  5 jackals
  3 quokkas
  5 bats
  8 giant newts
  3 kobolds (D:1)
  6 rats
104 creatures vanquished.

Vanquished Creatures (collateral kills)
  A hungry ghost (D:6)
  A water moccasin (D:6)
  A centaur (D:5)
  Blork the orc (D:4)
  An orc priest (D:5)
  4 orcs
9 creatures vanquished.

Grand Total: 113 creatures vanquished

Notes
Turn   | Place    | Note
--------------------------------------------------------------
     0 | D:1      | ater218 the Demonspawn Berserker began the quest for the Orb.
     0 | D:1      | Reached XP level 1. HP: 18/18 MP: 1/1
   397 | D:1      | Gained mutation: You have a pair of small horns on your head. [demonic ancestry]
   397 | D:1      | Reached XP level 2. HP: 24/24 MP: 2/2
   951 | D:2      | Found a sacrificial altar of Ru.
   959 | D:2      | Reached ** piety under Trog
  1021 | D:2      | Gained mutation: You have a pair of horns on your head. [demonic ancestry]
  1021 | D:2      | Reached XP level 3. HP: 20/29 MP: 3/3
  1150 | D:2      | HP: 2/43 [gnoll/whip (4)]
  1154 | D:2      | Reached XP level 4. HP: 2/36 MP: 4/4
  1972 | D:3      | Noticed Jano's ghost (amateur FoFi)
  1982 | D:3      | Killed Jano's ghost
  1982 | D:3      | Reached skill level 4 in Fighting
  1982 | D:3      | Gained mutation: A weak demonic guardian rushes to your aid. [demonic ancestry]
  1982 | D:3      | Reached XP level 5. HP: 42/42 MP: 5/5
  2050 | D:3      | Noticed Ijyb
  2055 | D:3      | Killed Ijyb
  2095 | D:3      | Gained mutation: Your flesh is cold resistant. [demonic ancestry]
  2095 | D:3      | Reached XP level 6. HP: 37/48 MP: 6/6
  2729 | D:4      | Found a staircase to the Ecumenical Temple.
  3868 | D:4      | Noticed Blork the orc
  3878 | D:4      | Killed Blork the orc
  4176 | D:5      | Entered Level 5 of the Dungeon
  4181 | D:5      | Gained mutation: You are immune to freezing clouds. [demonic ancestry]
  4181 | D:5      | Reached XP level 7. HP: 46/55 MP: 7/7
  4399 | D:5      | Reached *** piety under Trog
  4402 | D:5      | Reached skill level 5 in Dodging
  4631 | D:5      | Reached skill level 5 in Fighting
  5521 | D:6      | Gained mutation: You are partially covered in iridescent scales (AC +4). [demonic ancestry]
  5521 | D:6      | Reached XP level 8. HP: 60/60 MP: 8/8
  5821 | D:6      | Found a shattered altar of Ashenzari.
  5916 | D:6      | Found a sand-covered staircase.
  6405 | D:7      | Reached skill level 5 in Polearms
  6405 | D:7      | Reached skill level 5 in Armour
  6405 | D:7      | Reached skill level 6 in Dodging
  6452 | D:7      | Succumbed to an orc wizard's poison

Vault maps used:
D:1:      minmay_arrival_stair_chambers, moated_statue
D:2:      nicolae_overflow_crystal_walls, first_bread
D:3:      uniq_iyjb
D:4:      minmay_temple_entry_grid, uniq_blork_the_orc
D:5:      hangedman_decor_lopped
D:6:      nicolae_ossuary_entry_monument, cheibrodos_ashenzari_chains
D:7:      serial_shops, shop

Action                   |  1- 3 |  4- 6 |  7- 9 || total
-------------------------+-------+-------+-------++-------
Melee: Spear             |   100 |   176 |       ||   276
       Halberd           |       |     2 |   171 ||   173
Invok: Berserk           |     1 |     2 |     1 ||     4
       Trog's Hand       |     1 |       |       ||     1
Evoke: Wand              |       |       |     1 ||     1
  Use: Potion            |     2 |     3 |       ||     5
       Scroll            |       |     8 |     2 ||    10
 Stab: Sleeping          |       |     1 |       ||     1
       Distracted        |       |       |     1 ||     1
  Eat: Chunk             |     1 |     9 |     3 ||    13
       Bread ration      |       |     1 |     3 ||     4
       Royal jelly       |       |     1 |       ||     1
       Pizza             |       |       |     1 ||     1
